 Dungeon Crawl Stone Soup version 0.25-a0-558-g78a2afb0af (webtiles) character file.

Game seed: 12908576218300564021, levelgen mode: deterministic

11 Flugslaktarn the Shield-Bearer (level 2, -10/24 HPs)
             Began as a Formicid Fighter on Feb 24, 2020.
             Mangled by Pikel
             ... wielding a +2 whip of electrocution
              (20 damage)
             ... on level 4 of the Dungeon.
             The game lasted 00:00:09 (293 turns).

Flugslaktarn the Shield-Bearer (Formicid Fighter)    Turns: 293, Time: 00:00:10

Health: -10/24     AC:  9    Str: 20    XL:     2   Next: 35%
Magic:  2/2        EV:  5    Int:  7    God:
Gold:   19         SH:  9    Dex: 10    Spells: 1/1 levels left

rFire    . . .     SeeInvis +   a - +0 war axe
rCold    . . .     Gourm    .   c - +0 kite shield
rNeg     . . .     Faith    .   i - +0 chain mail
rPois    .         Spirit   .   (helmet unavailable)
rElec    .         Reflect  .   (no cloak)
rCorr    .         Harm     .   (no gloves)
MR       .....                  (no boots)
Stlth    ..........             (no amulet)
HPRegen  0.08/turn              (no ring)
MPRegen  0.08/turn              (no ring)

@: no status effects
A: permanent stasis, dig shafts and tunnels, four strong arms, antennae 3
a: Dig, Shaft Self


You were on level 4 of the Dungeon.
You were not hungry.

You visited 1 branch of the dungeon, and saw 3 of its levels.

You collected 19 gold pieces.

Inventory:

Hand Weapons
 a - a +0 war axe (weapon)
Armour
 c - a +0 kite shield (worn)
 i - a +0 chain mail (worn)
   (You found it on level 1 of the Dungeon)
Scrolls
 b - a scroll of identify {unknown}
 g - a scroll of fear {unknown}
 h - a scroll of amnesia {unknown}
Potions
 d - a potion of might
Comestibles
 e - 2 rations


   Skills:
 + Level 3.4 Fighting
 * Level 2.3 Axes
 + Level 3.4 Armour
 + Level 3.8 Shields


You had one spell level left.
You didn't know any spells.
Your spell library was empty.

Dungeon Overview and Level Annotations

Branches:
Dungeon (2/15)

Altars:
Wu Jian

Annotations:
D:4 Pikel


Innate Abilities, Weirdness & Mutations

You cannot be hasted, slowed, berserked, paralysed or teleported.
You can dig through walls and to a lower floor.
Your four strong arms can wield two-handed weapons with a shield.
You have a pair of large antennae on your head. (SInv)


Message History

Your shield and chain mail prevent you from hitting the slave.
Your chain mail prevents you from hitting the slave.
Your shield and chain mail prevent you from hitting the orc priest.
The slave hits you but does no damage. The slave barely misses you.
You hit the slave but do no damage. You miss Pikel. You hit the slave. x2
Your shield and chain mail prevent you from hitting the orc wizard.
The slave hits you but does no damage.
The orc priest looks braver for a moment.
The slave barely misses you. Pikel closely misses you.
You block the slave's attack. The slave barely misses you. The slave hits you.
You closely miss the slave.
The slave is lightly wounded.
You closely miss Pikel.
Your shield and chain mail prevent you from hitting the slave.
Your chain mail prevents you from hitting the orc wizard.
You hit the orc priest. You slash the slave! You block the orc wizard's attack.
Pikel hits you with a +2 whip of electrocution.
You are electrocuted!!
Ouch! That really hurt!
You die...

###.### .. #.
##.....##.#.#
...#.......#.#.#
...#.......#.#.#
....._.......#
#.......#...#
#..pKp..#...####
#.o@pp##......#
..####o####.#.##.#
#o...{.......#.##.#
##+.#####.####.##.#
#.# #.#.#.#
#.###..##.#
#.........#
#####.##### #.#


You could see Pikel, 4 slaves, an orc priest and an orc wizard.

Vanquished Creatures
  An ooze (D:4)
  A dart slug (D:1)
  A bat (D:1)
  A hobgoblin (D:1)
  A kobold (D:1)
5 creatures vanquished.

Notes
Turn   | Place    | Note
-------+----------+-------------------------------------------
     0 | D:1      | Flugslaktarn the Formicid Fighter began the quest for the
                  | Orb.
     0 | D:1      | Reached XP level 1. HP: 18/18 MP: 1/1
   243 | D:1      | Reached XP level 2. HP: 24/24 MP: 2/2
   267 | D:2      | You fall into a shaft and drop 2 floors!
   285 | D:4      | Found an ornate altar of the Wu Jian Council.
   285 | D:4      | Noticed a slave
   285 | D:4      | Noticed a slave
   287 | D:4      | Noticed a slave
   287 | D:4      | Noticed Pikel
   287 | D:4      | Noticed a slave
   293 | D:4      | Mangled by Pikel

Levels and vault maps discovered:
D:1:      dpeg_arrival_windows_large_door, layout_basic
D:2:      layout_basic, fedhas_altar_2, first_ration
D:4:      layout_loops_corners, kennysheep_little_box, old_standard_altar,
          serial_shops, kennysheep_mini_moat, okawaru_metal_pillars_3,
          uniq_pikel

Action                   || total
-------------------------++-------
Melee: War axe           ||    22
Armor: Scale mail        ||     7
       Chain mail        ||     4
Dodge: Dodged            ||    10
Block: Kite shield       ||    13

Table legend:
 A = Non-vault XP
 B = Vault XP
 C = Vault XP percentage of total XP
 D = Non-vault monster count
 E = Vault monster count
 F = Vault count percentage of total count
                 A         B        C        D         E       F
            +---------+---------+-------+---------+---------+-------
      Total |      16 |       0 |   0.0 |       5 |       0 |   0.0
            +---------+---------+-------+---------+---------+-------
        D:1 |       9 |       0 |   0.0 |       4 |       0 |   0.0
        D:4 |       7 |       0 |   0.0 |       1 |       0 |   0.0
            +---------+---------+-------+---------+---------+-------
